 Dungeon Crawl Stone Soup version 0.29-a0-993-g4a18f31a58 (console) character file.

Game seed: 1047202191539819073

10945 capslocke the Protected (level 11, 0/90 HPs)
             Began as a Minotaur Artificer on Aug 3, 2022.
             Was a High Priest of Okawaru.
             Slain by a five-headed hydra (8 damage)
             ... on level 11 of the Dungeon.
             The game lasted 00:42:29 (9971 turns).

capslocke the Protected (Minotaur Artificer)        Turns: 9971, Time: 00:42:30

Health: 0/90       AC: 12    Str: 20    XL:     11   Next: 42%
Magic:  10/10      EV: 13    Int:  8    God:    Okawaru [*****.]
Gold:   811        SH:  0    Dex: 10    Spells: 10/10 levels left

rFire   . . .      SeeInvis +   I - +1 short sword (flame)
rCold   . . .      Faith    .   (no shield)
rNeg    . . .      Spirit   .   Q - +0 scale mail of the Tick {rPois Regen+ Dex-2 Stlth+}
rPois   +          Reflect  .   U - +2 hat {SInv}
rElec   .          Harm     .   (no cloak)
rCorr   .          Rampage  .   (no gloves)
Will    .....                   L - +0 pair of boots
Stlth   +.........              A - amulet of regeneration
HPRegen 1.85/turn               (no ring)
MPRegen 0.12/turn               (no ring)

@: weak-willed
A: horns 2, retaliatory headbutt, frail 1
a: Renounce Religion, Heroism, Finesse, Duel


You were on level 11 of the Dungeon.
You worshipped Okawaru.
Okawaru was extremely pleased with you.
You visited 1 branch of the dungeon, and saw 12 of its levels.

You collected 811 gold pieces.

Inventory:

Hand Weapons
 f - a +2 short sword of speed
 k - a +4 hand crossbow of flaming
 I - a +1 short sword of flaming (weapon)
 N - a +4 battleaxe
Missiles
 a - 6 boomerangs
 q - 3 large rocks
 x - 13 poisoned darts (quivered)
 F - 6 javelins
Armour
 c - +0 swamp dragon scales
 w - a +0 ring mail
 L - a +0 pair of boots (worn)
 O - a +2 chain mail of cold resistance
 P - the +1 robe "Byguirch" {Contam Fly Dex+7 Slay+2}
   (You found it on level 8 of the Dungeon)

   Dex:       It affects your dexterity (+7).
   Slay:      It affects your accuracy & damage with ranged weapons and melee
   (+2).
   Fly:       It grants you flight.
   Contam:    It causes magical contamination when unequipped.
 Q - the +0 scale mail of the Tick (worn) {rPois Regen+ Dex-2 Stlth+}
   (You found it on level 8 of the Dungeon)

   Dex:       It affects your dexterity (-2).
   rPois:     It protects you from poison.
   Regen:     It increases your rate of health regeneration.
   Stlth:     It makes you more stealthy.
 U - a +2 hat of see invisible (worn)
Magical Staves
 u - a staff of conjuration
Jewellery
 A - an amulet of regeneration (around neck)
 J - an amulet of reflection
 T - a ring of ice
Wands
 d - a wand of charming (23)
 s - a wand of roots (7)
 M - a wand of mindburst (5)
 S - a wand of polymorph (4)
Scrolls
 h - 9 scrolls of identify
 j - 6 scrolls of vulnerability
 m - a scroll of brand weapon {unknown}
 n - 2 scrolls of fog {unknown}
 o - 5 scrolls of teleportation {unknown}
 r - 4 scrolls of enchant weapon {unknown}
 t - 4 scrolls of amnesia {unknown}
 v - 4 scrolls of magic mapping {unknown}
 y - a scroll of noise {unknown}
 z - 2 scrolls of blinking {unknown}
 B - 5 scrolls of fear
 E - a scroll of enchant armour {unknown}
 K - a scroll of torment {unknown}
 R - a scroll of poison {unknown}
Potions
 b - a potion of attraction {unknown}
 e - 2 potions of degeneration {unknown}
 g - 3 potions of might {unknown}
 i - a potion of resistance {unknown}
 l - 6 potions of mutation {unknown}
 p - 4 potions of flight {unknown}
 C - a potion of lignification {unknown}
 D - 2 potions of haste {unknown}
 G - 4 potions of curing
 H - a potion of brilliance {unknown}


   Skills:
 + Level 10.3 Fighting
 + Level 6.6(6.7) Axes
 - Level 0.1(4.1) Maces & Flails
 + Level 2.1 Ranged Weapons
 + Level 10.5 Armour
 + Level 9.5 Dodging
 - Level 0.7 Stealth
 + Level 8.4 Evocations


You had 10 spell levels left.
You didn't know any spells.
Your spell library contained the following spells:

 Spells                   Type           Power      Damage    Failure   Level
 Slow                     Hex            0%         N/A       71%         1
 Blink                    Tloc           0%         N/A       83%         2
 Confusing Touch          Hex            0%         N/A       97%         3
 Conjure Flame            Conj/Fire      0%         6-21      97%         3
 Frozen Ramparts          Ice            0%         1d8       97%         3
 Ignite Poison            Fire/Tmut/Pois 0%         N/A       97%         3
 Inner Flame              Hex/Fire       0%         N/A       97%         3
 Lesser Beckoning         Tloc           0%         N/A       97%         3
 Mephitic Cloud           Conj/Pois/Air  0%         N/A       97%         3
 Spider Form              Tmut/Pois      0%         N/A       97%         3
 Vampiric Draining        Necr           0%         2d6       97%         3
 Ice Form                 Ice/Tmut       0%         N/A       100%        4
 Sticky Flame             Conj/Fire      0%         2d3       100%        4
 Alistair's Intoxication  Tmut/Pois      0%         N/A       100%        5
 Borgnjor's Vile Clutch   Necr/Erth      0%         N/A       100%        5
 Fireball                 Conj/Fire      0%         3d3       100%        5
 Freezing Cloud           Conj/Ice/Air   0%         6-21      100%        5
 Manifold Assault         Tloc           0%         N/A       100%        5
 Animate Dead             Necr           Unusable   N/A       N/A         4
 Summon Ice Beast         Ice/Summ       Unusable   N/A       N/A         4
 Death Channel            Necr           Unusable   N/A       N/A         6

Dungeon Overview and Level Annotations

Branches:
Dungeon (12/15)            Temple (0/1) D:4             Orc (0/2) D:11
   Lair: D:8-11

Altars:
Ashenzari
Cheibriados
Dithmenos
Elyvilon
Fedhas
Gozag
Hepliaklqana
Kikubaaqudgha
Makhleb
Okawaru
Ru
Vehumet
Wu Jian
Xom
Zin
The Shining One


Innate Abilities, Weirdness & Mutations

You have a pair of horns on your head.
You reflexively headbutt those who attack you in melee.
You are frail. (-10% HP)


Message History

The five-headed hydra is moderately wounded.
The five-headed hydra bites you!
The five-headed hydra bites you but does no damage.
The five-headed hydra misses you.
The five-headed hydra barely misses you.
The five-headed hydra bites you.
You hit the five-headed hydra. You burn the five-headed hydra.
The five-headed hydra is moderately wounded.
The five-headed hydra bites you but does no damage.
The five-headed hydra bites you!
* * * LOW HITPOINT WARNING * * *
The five-headed hydra bites you but does no damage. x2
The five-headed hydra misses you.
Aiming: Mindburst
Press: ? - help, Shift-Dir - straight line, f - five-headed hydra
Aim: a five-headed hydra (moderately wounded, chance to affect: 61%)
The five-headed hydra's minds are blasted!
The five-headed hydra bites you but does no damage.
The five-headed hydra bites you.
* * * LOW HITPOINT WARNING * * *
The five-headed hydra bites you but does no damage.
The five-headed hydra bites you.
* * * LOW HITPOINT WARNING * * *
The five-headed hydra barely misses you.
As you read the scroll labelled SOANAE VABEY, it crumbles to dust.
Magic quickly surges around you.
It was a scroll of vulnerability.
The five-headed hydra misses you. x2; The five-headed hydra bites you.
* * * LOW HITPOINT WARNING * * *
The five-headed hydra closely misses you.
The five-headed hydra bites you.
* * * LOW HITPOINT WARNING * * *
Okay, then.
Okay, then.
As you read the scroll labelled JECAER JOEKHARGH, it crumbles to dust.
It is a scroll of identify.
B - 5 scrolls of fear The five-headed hydra misses you.
The five-headed hydra bites you!
* * * LOW HITPOINT WARNING * * *
The five-headed hydra bites you!
You die...

.......### ##'######
.......'.## #.......#
..^....#†.# #.......#
.......##.# #.....).#
.......##.####.......#
.......##....#.......#
.......#####.#..>....#
.......# #.#.......#
######## ###..@....#
#..D....# ####.#### ..
... ## .... .# .....
## ......


You could see a five-headed hydra (weak-willed).

Vanquished Creatures
  Gastronok (D:9)
  Fannar (D:11)
  3 two-headed ogres
  A gargoyle (D:10)
  Maggie (D:6)
  A komodo dragon (D:11)
  3 hornets
  A troll (D:11)
  Grinder (D:3)
  Prince Ribbit (D:7)
  2 wyverns
  6 yaks (D:9)
  A wraith (D:11)
  A steam dragon (D:7)
  3 water moccasins
  An acid dragon (D:9)
  An ice beast (D:7)
  3 orc warriors (D:9)
  4 black bears
  4 ogres
  3 centaurs
  A kobold brigand (D:6)
  A necrophage (D:5)
  A gnoll sergeant (D:11)
  3 scorpions
  14 wights
  3 electric eels (D:6)
  4 howler monkeys
  A gnoll bouda (D:9)
  A jelly (D:4)
  7 orc priests
  2 hounds
  3 iguanas
  Natasha (thrice) (D:3)
  11 orc wizards
  8 gnolls
  5 adders
  2 shadow imps (D:6)
  3 ufetubi
  3 worms
  5 dart slugs
  36 orcs
  7 bats
  6 endoplasms
  A giant cockroach (D:1)
  12 goblins
  7 hobgoblins
  3 jackals (D:4)
  16 kobolds
  4 quokkas
  9 ball pythons
  A frilled lizard (D:2)
  2 rats
228 creatures vanquished.

Vanquished Creatures (others)
  2 orc wizards
  A gnoll (D:11)
  46 plants
49 creatures vanquished.

Grand Total: 277 creatures vanquished

Notes
Turn   | Place    | Note
-------+----------+-------------------------------------------
     0 | D:1      | capslocke the Minotaur Artificer began the quest for the
                  | Orb.
     0 | D:1      | Reached XP level 1. HP: 16/16 MP: 0/0
   145 | D:1      | Reached XP level 2. HP: 23/23 MP: 1/1
   992 | D:2      | Reached XP level 3. HP: 29/29 MP: 2/2
  1305 | D:2      | Found a faded altar of an unknown god.
  1912 | D:3      | Reached XP level 4. HP: 37/37 MP: 3/3
  1920 | D:3      | Noticed Grinder
  1933 | D:3      | Killed Grinder
  1934 | D:3      | Reached XP level 5. HP: 40/45 MP: 4/4
  2039 | D:3      | Noticed Natasha
  2042 | D:3      | Killed Natasha
  2043 | D:3      | Reached XP level 6. HP: 52/52 MP: 5/5
  2082 | D:3      | Noticed Natasha
  2088 | D:3      | Killed Natasha
  2135 | D:3      | Found a radiant altar of Vehumet.
  2154 | D:3      | Found a glowing silver altar of Zin.
  2174 | D:3      | Noticed Natasha
  2176 | D:3      | Killed Natasha
  2526 | D:3      | Found an iron altar of Okawaru.
  2597 | D:3      | Became a worshipper of Warmaster Okawaru
  2835 | D:4      | Reached skill level 5 in Armour
  2835 | D:4      | Reached XP level 7. HP: 55/60 MP: 6/6
  3036 | D:4      | Found a broken altar of Ashenzari.
  3148 | D:4      | Reached * piety under Okawaru
  3149 | D:4      | Reached skill level 5 in Fighting
  3184 | D:4      | Found an ornate altar of the Wu Jian Council.
  3206 | D:4      | Found a staircase to the Ecumenical Temple.
  3224 | D:4      | Found a white marble altar of Elyvilon.
  3609 | D:4      | Reached skill level 5 in Dodging
  3609 | D:4      | Reached skill level 5 in Evocations
  3823 | D:5      | Entered Level 5 of the Dungeon
  3879 | D:5      | Reached XP level 8. HP: 59/69 MP: 7/7
  4034 | D:5      | Reached ** piety under Okawaru
  4689 | D:5      | Found an ancient bone altar of Kikubaaqudgha.
  4786 | D:6      | Found a burning altar of Makhleb.
  4795 | D:6      | Noticed Maggie
  4835 | D:6      | Killed Maggie
  4915 | D:6      | Found a blossoming altar of Fedhas.
  5022 | D:6      | Reached XP level 9. HP: 41/79 MP: 8/8
  6104 | D:7      | Reached *** piety under Okawaru
  6330 | D:7      | Reached skill level 1 in Axes
  6416 | D:7      | Noticed Prince Ribbit
  6428 | D:7      | Killed Prince Ribbit
  6861 | D:8      | Got the Teachings on Pollution and Calefaction
  7063 | D:8      | Reached XP level 10. HP: 90/90 MP: 9/9
  7291 | D:8      | Identified the +1 robe "Byguirch" {Contam Fly Dex+7 Slay+2}
  7329 | D:8      | Identified the +0 scale mail of the Tick {rPois Regen+
                  | Dex-2 Stlth+}
  7346 | D:8      | Gained mutation: You are frail. (-10% HP) [mutagenic glow]
  7363 | D:8      | Found a hazy altar of Hepliaklqana.
  7658 | D:9      | Found a glowing golden altar of the Shining One.
  7681 | D:9      | Found an opulent altar of Gozag.
  7867 | D:9      | Noticed a two-headed ogre
  7899 | D:9      | HP: 3/81 [two-headed ogre/+0 giant spiked club (9)]
  7901 | D:9      | Killed a two-headed ogre
  7901 | D:9      | Reached **** piety under Okawaru
  7997 | D:9      | Found a sacrificial altar of Ru.
  8196 | D:9      | Found a snail-covered altar of Cheibriados.
  8213 | D:9      | You fall into a shaft and drop 3 floors!
  8273 | D:11     | Found a staircase to the Orcish Mines.
  8374 | D:11     | Noticed Fannar
  8387 | D:11     | Killed Fannar
  8585 | D:10     | Entered Level 10 of the Dungeon
  8726 | D:9      | Reached skill level 5 in Axes
  8731 | D:9      | Reached ***** piety under Okawaru
  8792 | D:9      | Reached skill level 10 in Armour
  8847 | D:9      | Noticed Gastronok
  8863 | D:9      | HP: 1/75 [Gastronok (28)]
  8865 | D:9      | Killed Gastronok
  8865 | D:9      | Received a gift from Okawaru
  8866 | D:9      | Reached skill level 10 in Fighting
  8866 | D:9      | Reached XP level 11. HP: 32/89 MP: 10/10
  8911 | D:9      | Found a shadowy altar of Dithmenos.
  9275 | D:10     | Noticed a two-headed ogre
  9291 | D:10     | Killed a two-headed ogre
  9292 | D:10     | Reached skill level 1 in Ranged Weapons
  9359 | D:10     | Found a shimmering altar of Xom.
  9620 | D:11     | Noticed a two-headed ogre
  9630 | D:10     | Killed a two-headed ogre
  9957 | D:11     | Noticed a five-headed hydra
  9971 | D:11     | Slain by a five-headed hydra

Illustrated notes

Levels and vault maps discovered:
D:1:      minmay_arrival_checkered_box, layout_rooms, serial_rivers,
          chequers_serial_rivers_micro_e, chequers_serial_rivers_small_3,
          chequers_serial_rivers_large_a, chequers_serial_rivers_micro_c,
          chequers_serial_rivers_large_b
D:2:      layout_basic, ebering_ecumenical_altar_sacrificial,
          chequers_hall_statues_wall_a, grunt_ministairs_2, minmay_tripent
D:3:      layout_basic, okawaru_altar_gauntlet_db,
          mainiacjoe_overflow_big_doors, uniq_grinder, uniq_natasha
D:4:      layout_basic, mainiacjoe_overflow_24_doors, lemuel_tele_altar,
          marbit_many_paths, temple_doors_ab, kennysheep_nondescript
D:5:      layout_basic, lemuel_coloured_pillars_altar
D:6:      layout_cave_pods, bloody_makhleb, kennysheep_mini_moat, minivault_4,
          serial_bayou_ford_a, uniq_maggie
D:7:      layout_loops_ring, st_stairs_8, amcnicky_mini_pool_small,
          grunt_decor_junction, nrook_mini_backslash, grunt_ministairs_15,
          uniq_prince_ribbit1
D:8:      layout_gridville, worldfamousw_hep_ancestral_shrine
D:9:      layout_roguey, nicolae_overflow_crystal_walls, kennysheep_slug_shrine,
          lemuel_doored_altar, nicolae_dithmenos_shadow_blocks,
          grunt_gozag_statues, uniq_gastronok
D:10:     layout_cave_pools, kennysheep_little_box
D:11:     layout_roguey, david_lair_shrubbed, orc_0_dummy, uniq_fannar
D:12:     layout_layer_cave, doesnt_xom_only_xom, uniq_sonja

Skill      XL: |  1  2  3  4  5  6  7  8  9 10 11 |
---------------+----------------------------------+-----
Fighting       | 2 3 4 5 7 8 10 | 10.3
Evocations     | 3 4 5 6 7 8 |  8.4
Armour         | 3 4 5 6 7 8 10 | 10.5
Dodging        | 2 3 4 5 6 7 9 |  9.5
Axes           | 3 6 |  6.6
Ranged Weapons | 2 |  2.1
Maces & Flails | |  0.1
Stealth        | |  0.7

Action                   |  1- 3 |  4- 6 |  7- 9 | 10-12 || total
-------------------------+-------+-------+-------+-------++-------
Melee: Short sword       |    66 |    61 |   318 |     8 ||   453
       Club              |     2 |       |       |       ||     2
       Headbutt          |    11 |    15 |    68 |    49 ||   143
       Punch             |       |     1 |     5 |       ||     6
       Battleaxe         |       |       |    54 |   208 ||   262
 Fire: Hand crossbow     |       |       |       |     2 ||     2
Throw: Dart              |       |       |    10 |    14 ||    24
Invok: Heroism           |       |       |     1 |     1 ||     2
Evoke: Wand              |     5 |    14 |     6 |     8 ||    33
  Use: Potion            |       |       |       |     3 ||     3
       Scroll            |       |       |       |     2 ||     2
 Stab: Sleeping          |     1 |       |       |       ||     1
Armor: Leather armour    |    14 |       |       |       ||    14
       Ring mail         |     1 |    22 |    98 |       ||   121
       Swamp dragon scal |       |       |    36 |     4 ||    40
       Scale mail        |       |       |       |    74 ||    74
Dodge: Dodged            |    36 |    32 |   241 |   183 ||   492

Table legend: (Time is in decaauts)
 A = Elapsed time spent in this place.
 B = Non-inter-level travel time spent in this place.
 C = Inter-level travel time spent in this place.
 D = Time resting spent in this place.
 E = Time spent auto-exploring this place.
 F = Levels seen in this place.
 G = Mean time per level.
                   A        B        C        D        E       F      G
               +--------+--------+--------+--------+--------+-----+--------+
         Total |  10116 |   9789 |    327 |   1671 |   6237 |  12 |  843.0 |
       Dungeon |  10116 |   9789 |    327 |   1671 |   6237 |  12 |  843.0 |
               +--------+--------+--------+--------+--------+-----+--------+

Top non-repeatable levels by time:
     D:6: 1271 daAuts
     D:9: 1210 daAuts
     D:4: 1176 daAuts
     D:3: 1082 daAuts
     D:2: 896 daAuts
     D:5: 889 daAuts
     D:7: 873 daAuts
     D:8: 800 daAuts
     D:1: 706 daAuts
    D:11: 649 daAuts
    D:10: 535 daAuts
    D:12: 23 daAuts
